 Dungeon Crawl Stone Soup version 0.30-a0-50-gb2d611f6b1 (webtiles) character file.

Game seed: 10780665289384071772

42 drugrobin the Sneak (level 3, -2/30 HPs)
             Began as a Demigod Delver on Sept 5, 2022.
             Succumbed to a scorpion's poison
             ... in an ossuary.
             The game lasted 00:02:40 (591 turns).

drugrobin the Sneak (Demigod Delver)                 Turns: 591, Time: 00:02:41

Health: -2/30      AC:  3    Str: 13    XL:     3   Next: 19%
Magic:  5/5        EV: 12    Int: 12    God:
Gold:   37         SH:  0    Dex: 19    Spells: 2/2 levels left

rFire   . . .      SeeInvis .    a - +2 dagger (vamp)
rCold   . . .      Faith    .    (no shield)
rNeg    . . .      Spirit   .    b - +0 leather armour
rPois   .          Reflect  .    (no helmet)
rElec   .          Harm     .    (no cloak)
rCorr   .          Rampage  .    (no gloves)
Will    .....                    (no boots)
Stlth   +++.......               (no amulet)
HPRegen 0.10/turn                (no ring)
MPRegen 0.09/turn                (no ring)

@: brilliant, lethally poisoned (-2 -> -31)
A: high MP 1, forlorn, divine attributes
a: no special abilities


You were in an ossuary.
You visited 1 branch of the dungeon, and saw 2 of its levels.
You also visited: Ossuary.

You collected 37 gold pieces.

Inventory:

Hand Weapons
 a - a +2 vampiric dagger (weapon)
 k - a +0 short sword
Missiles
 n - 6 stones (quivered)
Armour
 b - a +0 leather armour (worn)
 h - a +0 ring mail
 i - a +0 chain mail
Wands
 g - a wand of digging (3)
Scrolls
 c - a scroll of fog
 d - a scroll of magic mapping
 e - a scroll of fear
 j - a scroll of vulnerability {unknown}
Potions
 f - a potion of haste


   Skills:
 - Level 2.7 Fighting
 + Level 3.4 Short Blades
 - Level 1.8 Dodging
 - Level 4.5 Stealth


You had 2 spell levels left.
You didn't know any spells.
Your spell library was empty.

Dungeon Overview and Level Annotations

Branches:
Dungeon (5/15)            Ossuary (1/1)
 Temple: D:4-7


Innate Abilities, Weirdness & Mutations

You have an increased reservoir of magic. (+10% MP)
You shall have no god before yourself.
Your divine heritage dramatically boosts your attributes as you level up.


Message History

The scorpion is moderately wounded.
The scorpion misses you.
You hit the scorpion but do no damage.
The scorpion is moderately wounded.
The scorpion barely misses you.
You barely miss the scorpion.
The scorpion is moderately wounded.
The scorpion misses you.
You hit the scorpion but do no damage.
The scorpion is moderately wounded.
The scorpion stings you.
You are poisoned.
The scorpion poisons you!
Unknown command.
Unknown command.
It was a potion of cancellation.
You feel magically purged.
You feel very sick. The scorpion stings you.
Unknown command.
Unknown command.
You hit the scorpion but do no damage.
The scorpion is moderately wounded.
You feel sick. The scorpion stings you.
You are lethally poisoned!
The scorpion poisons you!
Unknown command.
It was a potion of brilliance.
You feel clever all of a sudden.
* * * LOW HITPOINT WARNING * * *
You feel very sick. The scorpion stings you.
* * * LOW HITPOINT WARNING * * *
You are more poisoned.
The scorpion poisons you!
The scorpion stings you but does no damage.
Okay, then.
Unknown command.
You barely miss the scorpion.
The scorpion is moderately wounded.
You die...

...8...#
.....s.#
##8...8##
#......Z
#...8.
#...#
##'######
#.s.#...#
#.@.'.∩.#
#...#...#
#########


You could see a scorpion.

Vanquished Creatures
  A howler monkey (D:4)
  An orc (D:5)
  An endoplasm (D:4)
  A goblin (D:4)
4 creatures vanquished.

Notes
Turn   | Place    | Note
-------+----------+-------------------------------------------
     0 | D:5      | drugrobin the Demigod Delver began the quest for the Orb.
     0 | D:5      | Reached XP level 1. HP: 18/18 MP: 3/3
    28 | D:5      | Noticed an orc wizard
   319 | D:4      | Noticed a hound
   381 | D:4      | Noticed a howler monkey
   395 | D:4      | Killed a howler monkey
   396 | D:4      | Reached XP level 2. HP: 12/25 MP: 4/4
   396 | D:4      | Reached XP level 3. HP: 14/30 MP: 5/5
   510 | D:4      | Found a sand-covered staircase.
   515 | Ossuary  | Entered an ossuary
   557 | Ossuary  | Noticed a scorpion
   591 | Ossuary  | Succumbed to a scorpion's poison

Illustrated notes

Levels and vault maps discovered:
D:4:      layout_loops_ring, nicolae_overflow_hallway_of_the_gods,
          enter_ossuary_5, grunt_ministairs_7
D:5:      cheibrodos_barr_body, layout_basic, mainiacjoe_overflow_paths,
          minmay_temple_entry_fiery, serial_shops, nicolae_shop_crystal,
          kennysheep_cross_bottleneck, dk_rats_in_the_wall
Ossuary:  ossuary_minmay_scorpions

Skill      XL: |  1 |
---------------+----+-----
Short Blades   | 3 |  3.4
Fighting       | |  2.7
Dodging        | |  1.8
Stealth        | |  4.5

Action                   || total
-------------------------++-------
Melee: Dagger            ||    33
       Short sword       ||     2
Throw: Stone             ||     4
  Use: Potion            ||     2
 Stab: Sleeping          ||     2
Armor: Leather armour    ||     3
Dodge: Dodged            ||    18

Table legend: (Time is in decaauts)
 A = Elapsed time spent in this place.
 B = Non-inter-level travel time spent in this place.
 C = Inter-level travel time spent in this place.
 D = Time resting spent in this place.
 E = Time spent auto-exploring this place.
 F = Levels seen in this place.
 G = Mean time per level.
                   A        B        C        D        E       F      G
               +--------+--------+--------+--------+--------+-----+--------+
         Total |    586 |    586 |      0 |    146 |     84 |   3 |  195.3 |
       Dungeon |    513 |    513 |      0 |    110 |     84 |   2 |  256.5 |
       Ossuary |     73 |     73 |      0 |     36 |      0 |   1 |   73.0 |
               +--------+--------+--------+--------+--------+-----+--------+

Top non-repeatable levels by time:
     D:4: 313 daAuts
     D:5: 199 daAuts
 Ossuary: 73 daAuts
